 Dungeon Crawl Stone Soup version 0.30-a0-808-g6e0788376e (webtiles) character file.

Game seed: 2362833539370074086

13907 cforsyth the Covert (level 12, -11/69 HPs)
             Began as a Kobold Brigand on Feb 27, 2023.
             Was a Believer of Hepliaklqana.
             Mangled by a large slime creature (29 damage)
             ... on level 12 of the Dungeon.
             The game lasted 00:24:29 (13913 turns).

cforsyth the Covert (Kobold Brigand)               Turns: 13913, Time: 00:24:29

Health: -11/69     AC:  4    Str:  8    XL:     12   Next: 38%
Magic:  12/12      EV: 26    Int: 14    God:    Hepliaklqana [**....]
Gold:   466        SH:  0    Dex: 26    Spells: 11/11 levels left

rFire   . . .      SeeInvis .    a - +2 dagger (flame)
rCold   . . .      Faith    .    (no shield)
rNeg    . . .      Spirit   .    w - +0 robe
rPois   .          Reflect  .    J - +0 helmet
rElec   .          Harm     .    c - +0 cloak
rCorr   .          Rampage  .    (no gloves)
Will    .....                    (no boots)
Stlth   +++++++                  g - amulet of magic regeneration
HPRegen 0.31/turn                i - +4 ring of slaying
MPRegen 0.53/turn                q - +6 ring of dexterity

@: no status effects
A: reduced essence, small, no large weapons, nightstalker 3
a: Renounce Religion, Recall Ancestor, Ancestor Identity


You were on level 12 of the Dungeon.
You worshipped Hepliaklqana.
Hepliaklqana was pleased with you.
You visited 2 branches of the dungeon, and saw 13 of its levels.
You also visited: Sewer.

You collected 621 gold pieces.
You spent 155 gold pieces at shops.

Inventory:

Hand Weapons
 a - a +2 dagger of flaming (weapon)
 b - the +3 greatsling "Punk" {acid, rCorr}
   (You found it in a sewer)

   rCorr:     It protects you from acid and corrosion.
 u - a +2 dagger
Missiles
 d - 55 poisoned darts (quivered)
 e - 12 curare-tipped darts
 H - 3 throwing nets
Armour
 c - a +0 cloak (worn)
 w - a +0 robe (worn)
 J - a +0 helmet (worn)
Jewellery
 g - an amulet of magic regeneration (around neck)
 i - a +4 ring of slaying (left hand)
 p - the ring of Conformity {rN++ Str+6 Slay-3}
   (You bought it in a shop on level 8 of the Dungeon)

   [ring of strength]

   Str:       It affects your strength (+6).
   Slay:      It affects your accuracy & damage with ranged weapons and melee
   (-3).
   rN:        It greatly protects you from negative energy.
 q - a +6 ring of dexterity (right hand)
 y - a +6 ring of strength
 A - a ring of fire
 B - an amulet of guardian spirit
 F - a ring of protection from cold
 K - a +6 ring of strength
Wands
 v - a wand of polymorph (25)
 D - a wand of flame (1)
 E - a wand of paralysis (10)
 Q - a wand of mindburst (7)
 R - a wand of iceblast (5)
 S - a wand of acid (15)
Scrolls
 f - a scroll of fog
 h - 4 scrolls of identify
 j - 3 scrolls of immolation
 k - 3 scrolls of amnesia
 l - 6 scrolls of teleportation
 m - 2 scrolls of poison
 r - a scroll of fear
 s - 5 scrolls of enchant weapon
 t - 2 scrolls of enchant armour {unknown}
 x - a scroll of blinking
 O - a scroll of brand weapon {unknown}
 T - a scroll of summoning {unknown}
Potions
 n - 2 potions of might
 o - a potion of magic
 z - 2 potions of curing
 C - a potion of flight
 G - 3 potions of attraction {unknown}
 I - 2 potions of berserk rage {unknown}
 L - a potion of ambrosia {unknown}
 M - a potion of heal wounds
 N - a potion of invisibility
 P - a potion of resistance {unknown}


   Skills:
 + Level 10.3 Fighting
 - Level 10.0 Short Blades
 + Level 10.9 Ranged Weapons
 - Level 2.1 Throwing
 + Level 10.9 Dodging
 + Level 13.8 Stealth


You had 11 spell levels left.
You didn't know any spells.
Your spell library contained the following spells:

 Spells                   Type           Power      Damage    Failure   Level
 Summon Small Mammal      Summ           0%         N/A       28%         1
 Static Discharge         Conj/Air       0%         2-2/arc   41%         2
 Sublimation of Blood     Necr           0%         N/A       41%         2
 Wereblood                Tmut           0%         N/A       41%         2
 Call Canine Familiar     Summ           0%         N/A       65%         3
 Frozen Ramparts          Ice            0%         1d1       65%         3
 Kindle Blastsparks       Fire/Tloc/Air  0%         2d10      65%         3
 Summon Guardian Golem    Hex/Summ       0%         N/A       65%         3
 Vhi's Electric Charge    Tloc/Air       0%         N/A       65%         3
 Fulminant Prism          Conj/Hex       0%         3d5       96%         4
 Ice Form                 Ice/Tmut       0%         N/A       96%         4
 Iskenderun's Mystic Bla  Conj/Tloc      0%         2d3       96%         4
 Summon Ice Beast         Ice/Summ       0%         N/A       96%         4
 Arcjolt                  Conj/Air       0%         1d10      100%        5
 Fireball                 Conj/Fire      0%         3d3       100%        5
 Iskenderun's Battlesphe  Conj           0%         2d6       100%        5
 Lee's Rapid Deconstruct  Erth           0%         3d4*      100%        5
 Lightning Bolt           Conj/Air       0%         1d11      100%        5
 Conjure Ball Lightning   Conj/Air       0%         3x3d6     100%        6
 Orb of Destruction       Conj           0%         9d5       100%        7
 Summon Hydra             Summ           0%         N/A       100%        7


Dungeon Overview and Level Annotations

Branches:
Dungeon (12/15)            Temple (1/1) D:5            Lair (0/5) D:8
    Orc (0/2) D:12          Sewer (visited)

Altars:
Ashenzari
Cheibriados
Dithmenos
Elyvilon
Fedhas
Gozag
Hepliaklqana
Kikubaaqudgha
Makhleb
Nemelex Xobeh
Okawaru
Qazlal
Ru
Sif Muna
Trog
Uskayaw
Vehumet
Wu Jian
Xom
Yredelemnul
Zin
The Shining One

Shops:
D:5 !   D:8 *

Portals:
Trove: D:10 (give 14 scrolls of teleportation)


Innate Abilities, Weirdness & Mutations

Your life essence is reduced to manifest your ancestor. (-10% HP)
You are small and have problems with some larger weapons.
You are completely attuned to the shadows.


Message History

You puncture the slime creature! You burn the slime creature.
The slime creature is almost dead.
Hsekiu gestures at the slime creature while chanting.
The slime creature easily resists.
You hit the slime creature. You burn the slime creature.
You punch the slime creature.
The slime creature is almost dead.
The slime creature hits you! The slime creature closely misses you.
Two slime creatures merge to form a large slime creature.
You are too injured to fight recklessly!
You are too injured to fight recklessly!
You are too injured to fight recklessly!
You are too injured to fight recklessly!
You are too injured to fight recklessly!
You are too injured to fight recklessly!
You are too injured to fight recklessly!
You are too injured to fight recklessly!
You are too injured to fight recklessly!
You are too injured to fight recklessly!
You are too injured to fight recklessly!
You are too injured to fight recklessly!
You are too injured to fight recklessly!
You puncture the large slime creature! You burn the large slime creature.
The large slime creature is severely wounded.
Hsekiu gestures at the large slime creature while chanting.
The large slime creature easily resists.
Unknown command.
You hit the large slime creature. You burn the large slime creature.
The large slime creature is severely wounded.
The slime creature barely misses you.
You hit the large slime creature. You burn the large slime creature.
The large slime creature is severely wounded.
Hsekiu hits the large slime creature with a +0 dagger of draining!
Hsekiu drains the large slime creature.
You puncture the large slime creature! You burn the large slime creature.
The large slime creature is almost dead.
The slime creature hits you!
* * * LOW HITPOINT WARNING * * *
The large slime creature hits you!!
You die...

......# .##.##.#
.....## .##.##..
###...... .##.##.
#........
.##.##.####.†........
.##.# #.#............
.# ..###....#.##.#...
.# #.#.#.#.#)##R....
.#####.##.#>#>..@J...
..........#.#..##J...
######.#### #... #...
#.# ##..# #.# #.#
#..# .# #..


You could see the friendly Hsekiu the hexer, a large slime creature (drained,
ally target) and a slime creature.

Vanquished Creatures
  3 two-headed ogres
  Sonja (D:11)
  2 cyclopes
  A manticore (D:12)
  An ugly thing (D:11)
  A komodo dragon (D:11)
  2 trolls
  2 slime creatures (D:12)
  A wraith (D:11)
  A human (D:9)
  A wyvern (D:7)
  12 yaks
  2 steam dragons
  Menkaure (D:5)
  4 vampire mosquitoes
  2 swamp worms (D:9)
  2 water moccasins
  An acid dragon (D:9)
  3 orc warriors
  3 ogres
  A sky beast (D:8)
  An ice beast (D:7)
  A black bear (D:6)
  A centaur (D:8)
  2 phantoms
  4 kobold brigands
  Blork the orc (D:5)
  A scorpion (D:4)
  7 bullfrogs
  3 necrophages
  A gnoll sergeant (D:8)
  4 wights
  6 killer bees (D:8)
  4 howler monkeys
  A crimson imp (D:4)
  2 jellies
  3 orc priests
  3 gnoll boudas
  7 hounds
  Jessica (D:2)
  7 iguanas
  12 orc wizards
  Robin (D:2)
  25 gnolls
  8 adders
  A river rat (D:4)
  A white imp (D:7)
  An ufetubus (D:6)
  3 worms
  6 dart slugs
  59 orcs
  14 ball pythons
  2 bats
  6 endoplasms
  10 giant cockroaches
  13 goblins
  10 hobgoblins
  15 jackals
  28 kobolds
  15 quokkas
  11 frilled lizards
  2 rats
350 creatures vanquished.

Vanquished Creatures (collateral kills)
  4 yaks
  A human (D:9)
  2 vampire mosquitoes (D:12)
  An orc warrior (D:10)
  A kobold brigand (D:10)
  3 wights (D:9)
  An orc (D:9)
  5 kobolds
  A butterfly (D:10)
19 creatures vanquished.

Vanquished Creatures (others)
  A wight (D:9)
  4 ancestors
  4 plants (D:9)
  7 withered plants (D:6)
16 creatures vanquished.

Grand Total: 385 creatures vanquished

Notes
Turn   | Place    | Note
-------+----------+-------------------------------------------
     0 | D:1      | cforsyth the Kobold Brigand began the quest for the Orb.
     0 | D:1      | Reached XP level 1. HP: 12/12 MP: 1/1
   113 | D:1      | Reached XP level 2. HP: 17/18 MP: 2/2
   134 | D:1      | Found a faded altar of an unknown god.
   281 | D:1      | Reached XP level 3. HP: 22/22 MP: 3/3
   860 | D:2      | Noticed Jessica
   864 | D:2      | Killed Jessica
   865 | D:2      | Reached skill level 6 in Stealth
   865 | D:2      | Reached XP level 4. HP: 27/27 MP: 4/4
  1769 | D:3      | Reached XP level 5. HP: 32/32 MP: 5/5
  2174 | D:3      | Noticed Robin
  2397 | D:2      | Killed Robin
  2844 | D:4      | Reached XP level 6. HP: 38/38 MP: 6/6
  2914 | D:4      | Found a glowing drain.
  2922 | Sewer    | Entered a sewer
  3016 | Sewer    | Reached skill level 7 in Stealth
  3170 | Sewer    | Reached skill level 5 in Short Blades
  3173 | Sewer    | Found the +3 greatsling "Punk" {acid, rCorr}
  3442 | Sewer    | Reached XP level 7. HP: 40/43 MP: 7/7
  3718 | D:4      | You fall into a shaft and drop 3 floors!
  3845 | D:6      | Reached skill level 1 in Ranged Weapons
  4118 | D:6      | Found an ornate altar of the Wu Jian Council.
  4285 | D:6      | Reached XP level 8. HP: 4/48 MP: 8/8
  4444 | D:5      | Entered Level 5 of the Dungeon
  4444 | D:5      | Found Hiestrau's Distillery.
  4834 | D:4      | Reached skill level 5 in Dodging
  4843 | D:4      | Reached skill level 5 in Fighting
  4843 | D:4      | Reached skill level 8 in Stealth
  4844 | D:4      | Found a radiant altar of Vehumet.
  4844 | D:4      | Found a burning altar of Makhleb.
  5093 | D:5      | Found a white marble altar of Elyvilon.
  5122 | D:5      | Found a hide-covered altar of Uskayaw.
  5872 | D:5      | Reached XP level 9. HP: 49/55 MP: 9/9
  5955 | D:5      | Found a staircase to the Ecumenical Temple.
  5979 | D:5      | Noticed Menkaure
  5996 | Temple   | Entered the Ecumenical Temple
  6133 | Temple   | Became a worshipper of Hepliaklqana the Forgotten
  6368 | D:5      | Killed Menkaure
  6369 | D:5      | Reached skill level 9 in Stealth
  6937 | D:5      | Noticed Blork the orc
  6940 | D:5      | Killed Blork the orc
  6941 | D:5      | Reached skill level 5 in Ranged Weapons
  7286 | D:6      | Found an ancient bone altar of Kikubaaqudgha.
  7616 | D:7      | Reached skill level 10 in Stealth
  7849 | D:7      | Reached XP level 10. HP: 61/61 MP: 10/10
  8723 | D:8      | Reached * piety under Hepliaklqana
  9245 | D:8      | Found Ufilithra's Assorted Antiques.
  9251 | D:8      | Bought a heavily runed iron ring for 155 gold pieces
  9251 | D:8      | Identified the ring of Conformity {rN++ Str+6 Slay-3} (You
                  | bought it in a shop on level 8 of the Dungeon)
  9286 | D:8      | Found a staircase to the Lair.
  9341 | D:8      | Reached skill level 11 in Stealth
  9738 | D:8      | Found a broken altar of Ashenzari.
  9788 | D:8      | Found a glowing golden altar of the Shining One.
 10020 | D:8      | Reached XP level 11. HP: 30/61 MP: 11/11
 10406 | D:8      | Reached skill level 10 in Short Blades
 11068 | D:9      | Found a sparkling altar of Nemelex Xobeh.
 11172 | D:9      | Found a blossoming altar of Fedhas.
 11367 | D:9      | Reached skill level 12 in Stealth
 11473 | D:9      | Found a basalt altar of Yredelemnul.
 11508 | D:9      | Noticed a two-headed ogre
 11523 | D:9      | Killed a two-headed ogre
 11687 | D:9      | Noticed a two-headed ogre
 11692 | D:9      | Killed a two-headed ogre
 11698 | D:9      | Found an iron altar of Okawaru.
 12025 | D:10     | Entered Level 10 of the Dungeon
 12055 | D:10     | Found a portal to a secret trove of treasure.
 12300 | D:10     | Noticed a cyclops
 12324 | D:10     | Killed a cyclops
 12400 | D:10     | Found a shimmering altar of Xom.
 12484 | D:10     | Reached ** piety under Hepliaklqana
 12485 | D:10     | Remembered your ancestor Hsekiu as a hexer
 12831 | D:11     | Reached skill level 10 in Dodging
 12887 | D:11     | Noticed Sonja
 12888 | D:11     | Noticed a cyclops
 12891 | D:11     | Killed Sonja
 12892 | D:11     | Reached skill level 13 in Stealth
 12893 | D:11     | Killed a cyclops
 12894 | D:11     | Reached skill level 10 in Ranged Weapons
 12896 | D:11     | Noticed a two-headed ogre
 12900 | D:11     | Killed a two-headed ogre
 12900 | D:11     | Noticed a red ugly thing
 12901 | D:11     | Reached XP level 12. HP: 69/69 MP: 12/12
 13614 | D:12     | Reached skill level 10 in Fighting
 13793 | D:12     | Found a staircase to the Orcish Mines.
 13913 | D:12     | Mangled by a large slime creature

Illustrated notes

Levels and vault maps discovered:
D:1:      lightli_arrival_farm, layout_rooms, dreamdust_ecumenical_altar_grove
D:2:      layout_loops_ring, uniq_jessica
D:3:      layout_loops_cross, uniq_robin
D:4:      layout_loops_ring, grunt_temple_overflow_lords_of_destruction,
          portal_sewer_entry_e
D:5:      lemuel_castle_with_subvaults [lemuel_castle_interior_carwin_3],
          layout_basic, elyvilon_altar_5, mainiacjoe_overflow_brackets,
          temple_pool_b, serial_shops, nicolae_take_the_stairs,
          uniq_blork_the_orc, uniq_menkaure
D:6:      layout_cave_pools, kiku_gazebo_garden_becter,
          nicolae_wu_jian_immortal_techniques, grunt_ministairs_6
D:7:      layout_loops_ring
D:8:      layout_basic, mainiacjoe_overflow_small_starburst,
          kennysheep_mini_moat, lair_entry_dummy, serial_shops,
          nicolae_shop_crystal
D:9:      layout_rooms, nicolae_overflow_crystal_walls,
          nemelex_xobeh_ov_fountains_minmay, fedhas_altar_2, okawaru_humans,
          worms_lemuel
D:10:     layout_small_grid, xom_butterflies, enter_trove_1
D:11:     layout_basic, uniq_sonja
D:12:     layout_loops_ring, hiddenorc2_lemuel
Temple:   jpeg_temple_island

Skill      XL: |  1  2  3  4  5  6  7  8  9 10 11 12 |
---------------+-------------------------------------+-----
Short Blades   | 3 4 5 6 7 8 9 10 | 10.0
Dodging        | 2 3 4 5 7 8 10 | 10.9
Stealth        | 6 7 8 10 11 13 | 13.8
Fighting       | 3 4 5 6 8 9 10 | 10.3
Ranged Weapons | 2 4 6 8 10 | 10.9
Throwing       | |  2.1

Action                     |  1- 3 |  4- 6 |  7- 9 | 10-12 || total
---------------------------+-------+-------+-------+-------++-------
  Melee: Dagger            |    39 |   165 |   278 |   483 ||   965
         Punch             |       |     2 |     2 |     7 ||    11
   Fire: Greatsling        |       |       |    49 |    68 ||   117
 Invoke: Ancestor Life: He |       |       |       |     1 ||     1
    Use: Scroll            |       |     9 |     3 |     8 ||    20
         Potion            |       |       |     1 |     3 ||     4
   Stab: Sleeping          |    19 |    29 |    10 |    15 ||    73
         Distracted        |       |       |     6 |     4 ||    10
         Invisible         |       |       |     2 |     1 ||     3
         Confused          |       |       |       |     2 ||     2
 Armour: Robe              |     2 |    27 |    18 |    16 ||    63
  Dodge: Dodged            |    14 |   109 |   229 |   371 ||   723

Table legend: (Time is in decaauts)
 A = Elapsed time spent in this place.
 B = Non-inter-level travel time spent in this place.
 C = Inter-level travel time spent in this place.
 D = Time resting spent in this place.
 E = Time spent auto-exploring this place.
 F = Levels seen in this place.
 G = Mean time per level.
                   A        B        C        D        E       F      G
               +--------+--------+--------+--------+--------+-----+--------+
         Total |  13810 |  13360 |    450 |   2429 |   8538 |  14 |  986.4 |
       Dungeon |  12619 |  12221 |    398 |   2370 |   7717 |  12 | 1051.6 |
        Temple |    370 |    318 |     52 |      0 |    307 |   1 |  370.0 |
         Sewer |    820 |    820 |      0 |     59 |    514 |   1 |  820.0 |
               +--------+--------+--------+--------+--------+-----+--------+

Top non-repeatable levels by time:
     D:8: 2031 daAuts
     D:5: 1526 daAuts
     D:7: 1323 daAuts
     D:6: 1231 daAuts
     D:2: 1197 daAuts
     D:3: 1012 daAuts
     D:9: 964 daAuts
     D:4: 911 daAuts
   Sewer: 820 daAuts
    D:10: 757 daAuts
    D:11: 735 daAuts
     D:1: 619 daAuts
  Temple: 370 daAuts
    D:12: 306 daAuts
